 Dungeon Crawl Stone Soup version 0.31-a0-1-g4198be8af4 (webtiles) character file.

Game seed: 1601591317267540185

5329 Demosthentine the Fighter (level 10, -3/76 HPs)
             Began as a Demonspawn Gladiator on Apr 30, 2023.
             Was a Follower of Hepliaklqana.
             Succumbed to orange demon's concentrated venom
             ... on level 8 of the Dungeon.
             The game lasted 00:08:06 (6795 turns).

Demosthentine the Fighter (Demonspawn Gladiator)    Turns: 6795, Time: 00:08:07

Health: -3/76      AC: 11    Str: 16    XL:     10   Next: 38%
Magic:  14/14      EV: 17    Int: 10    God:    Hepliaklqana [*.....]
Gold:   492        SH:  0    Dex: 20    Spells: 9/9 levels left

rFire   + . .        a - +1 trident (freeze)
rCold   . . .        (no shield)
rNeg    . . .        y - +0 steam dragon scales
rPois   .            c - +1 helmet
rElec   .            A - +0 cloak
rCorr   .            (no gloves)
SInv    .            (no boots)
Will    +....        v - amulet of regeneration
Stlth   ++           g - ring of willpower
HPRegen 1.12/turn    q - ring "Xestef Gearr" {rF+ Dex+3}
MPRegen 0.14/turn

%: no passive effects
@: lethally poisoned (-3 -> -20), attractive, flying, slowed, very slow
A: reduced essence, rugged brown scales 2, foul stench 1, demonic magic 1,
demonic touch 2
a: Renounce Religion, Recall Ancestor, Ancestor Identity


You were on level 8 of the Dungeon.
You worshipped Hepliaklqana.
Hepliaklqana was aware of your devotion.
You visited 2 branches of the dungeon, and saw 9 of its levels.

You collected 492 gold pieces.

Inventory:

Hand Weapons
 a - a +1 trident of freezing (weapon)
Missiles
 d - a throwing net (quivered)
 e - a javelin
 s - 6 curare-tipped darts
Armour
 c - a +1 helmet (worn)
 y - +0 steam dragon scales (worn)
 A - a +0 cloak (worn)
Jewellery
 g - a ring of willpower (left hand)
 p - an amulet of the acrobat
 q - the ring "Xestef Gearr" (right hand) {rF+ Dex+3}
   (You found it on level 4 of the Dungeon)

   [ring of protection from fire]

   Dex:       It affects your dexterity (+3).
   rF:        It protects you from fire.
 t - the ring of Uthu {rCorr Int+6}
   (You found it on level 6 of the Dungeon)

   [ring of intelligence]

   Int:       It affects your intelligence (+6).
   rCorr:     It protects you from acid and corrosion.
 v - an amulet of regeneration (around neck)
 x - a ring of protection from cold
 B - a +6 ring of dexterity
Wands
 i - a wand of charming (13)
 u - a wand of flame (56)
Scrolls
 j - 3 scrolls of fear
 n - a scroll of enchant armour
 o - 3 scrolls of teleportation
 r - a scroll of amnesia
 w - a scroll of enchant weapon
Potions
 f - a potion of resistance
 h - a potion of curing {unknown}
 k - 3 potions of lignification
 l - a potion of might
 m - 2 potions of haste
 z - a potion of flight
 C - a potion of mutation {unknown}


   Skills:
 + Level 8.0 Fighting
 + Level 7.6 Polearms
 - Level 1.7 Throwing
 - Level 5.6 Armour
 + Level 7.6 Dodging
 + Level 5.6 Invocations


You had 9 spell levels left.
You didn't know any spells.
Your spell library contained the following spells:

 Spells                   Type           Power      Damage    Failure   Level
 Apportation              Tloc           0%         N/A       36%         1
 Sublimation of Blood     Necr           0%         N/A       50%         2
 Wereblood                Tmut           0%         N/A       50%         2
 Alistair's Intoxication  Tmut/Pois      0%         N/A       100%        5
 Summon Hydra             Summ           0%         N/A       100%        7


Dungeon Overview and Level Annotations

Branches:
Dungeon (8/15)             Temple (1/1) D:4
   Lair: D:8-11

Altars:
Ashenzari
Cheibriados
Dithmenos
Fedhas
Gozag
Hepliaklqana
Kikubaaqudgha
Makhleb
Nemelex Xobeh
Okawaru
Qazlal
Ru
Sif Muna
Trog
Uskayaw
Vehumet
Wu Jian
Xom
Yredelemnul

Annotations:
D:4 2 transporters, baller8008's ghost, amateur DECj
D:8 Amaemon


Innate Abilities, Weirdness & Mutations

Your life essence is reduced to manifest your ancestor. (-10% HP)
You are mostly covered in rugged brown scales. (AC +2, +5% HP)
You may rarely emit foul miasma when damaged in melee.
Spells you cast may paralyse adjacent enemies.
Your touch may inflict irresistible damage on your foes.


Message History

You feel very sick. The bullfrog closely misses you.
Amaemon's tail lashes.
Amaemon hits you with a -2 demon whip of venom!
You are more poisoned.
Amaemon claws you! Amaemon barely misses you.
The orange demon closely misses you.
Ferran barely misses the bullfrog.
The bullfrog closely misses you.
Unknown command.
Okay, then.
As you read the scroll of teleportation, it crumbles to dust.
You feel strangely unstable.
You feel very sick. The bullfrog closely misses you.
Amaemon whines, "They said I was special.
Look at me now!"
Amaemon closely misses you. Amaemon claws you. Amaemon misses you.
The orange demon stings you from afar!
* * * LOW HITPOINT WARNING * * *
You are lethally poisoned!
You have difficulty breathing.
* * * LOW HITPOINT WARNING * * *
You feel yourself slow down.
Ferran hits the bullfrog!
Okay, then.
It was a potion of flight.
You feel very buoyant.
You fly up into the air.
* * * LOW HITPOINT WARNING * * *
You feel extremely sick. The bullfrog misses you.
A yak comes into view.
Amaemon closely misses you. Amaemon claws you but does no damage.
Amaemon tail-slaps you.
* * * LOW HITPOINT WARNING * * *
The orange demon closely misses you. The bullfrog hits you.
* * * LOW HITPOINT WARNING * * *
You emit a cloud of foul miasma!
Ferran hits the bullfrog.
It was a potion of attraction.
You feel attractive to monsters.
Your surroundings flicker for a moment.
You die...

.. #...#####.....#..#..
.... ...#...............
....###.#.............#.
Y.......................
#.........######.......
#.........# #...))).
#.....R...### #.....##
##....F......####.....#
.....46@.............###
##...####....####.##....
##.. ###### #.##....
......... #####....
........ .####... #...
#...


You could see the friendly Ferran the ancestor, Amaemon, an orange demon
(curare), a yak and a bullfrog (ally target).

Vanquished Creatures
  Joseph (D:7)
  Maggie (D:6)
  Grinder (D:3)
  A hornet (D:6)
  Eustachio (D:6)
  5 yaks (D:8)
  2 steam dragons (D:7)
  Menkaure (D:7)
  Duvessa (D:5)
  An orc warrior (D:8)
  2 ice beasts
  5 black bears
  An ogre (D:6)
  3 centaurs
  A phantom (D:5)
  6 bullfrogs
  A gnoll sergeant (D:7)
  3 scorpions
  Dowan (D:5)
  4 wights
  5 killer bees (D:7)
  A howler monkey (D:6)
  2 jellies (D:7)
  Crazy Yiuf (D:7)
  2 gnoll boudas
  3 orc priests (D:6)
  4 hounds
  A sleepcap (D:4)
  2 iguanas
  2 orc wizards
  A mummy (D:6)
  11 gnolls
  10 adders
  A shadow imp (D:6)
  3 white imps (D:6)
  A worm (D:5)
  2 dart slugs (D:4)
  14 orcs
  7 bats
  2 endoplasms
  5 giant cockroaches
  6 goblins
  3 hobgoblins
  5 jackals
  5 quokkas
  7 ball pythons
  5 frilled lizards
  5 kobolds
  5 rats
163 creatures vanquished.

Vanquished Creatures (collateral kills)
  A gnoll (D:8)
1 creature vanquished.

Vanquished Creatures (others)
  11 plants (D:4)
11 creatures vanquished.

Grand Total: 175 creatures vanquished

Notes
Turn   | Place    | Note
-------+----------+-------------------------------------------
     0 | D:1      | Demosthentine the Demonspawn Gladiator began the quest for
                  | the Orb.
     0 | D:1      | Reached XP level 1. HP: 16/16 MP: 1/1
    45 | D:1      | Found a faded altar of an unknown god.
    61 | D:1      | Gained mutation: You may rarely emit foul miasma when
                  | damaged in melee. [demonic ancestry]
    61 | D:1      | Reached XP level 2. HP: 22/22 MP: 2/2
   517 | D:2      | Reached skill level 1 in Armour
   517 | D:2      | Gained mutation: You are partially covered in rugged brown
                  | scales. (AC +1, +3% HP) [demonic ancestry]
   517 | D:2      | Reached XP level 3. HP: 10/28 MP: 3/3
  1353 | D:3      | Noticed Grinder
  1361 | D:3      | Paralysed by Grinder for 2 turns
  1372 | D:3      | Paralysed by Grinder for 2 turns
  1378 | D:3      | Paralysed by Grinder for 3 turns
  1382 | D:3      | Killed Grinder
  1383 | D:3      | Reached skill level 3 in Fighting
  1383 | D:3      | Reached XP level 4. HP: 4/36 MP: 4/4
  1383 | D:3      | Reached XP level 5. HP: 5/42 MP: 5/5
  1688 | D:3      | Gained mutation: Your touch may inflict minor irresistible
                  | damage on your foes. [demonic ancestry]
  1688 | D:3      | Reached XP level 6. HP: 48/48 MP: 6/6
  1913 | D:3      | Found a broken altar of Ashenzari.
  2156 | D:4      | Found a stormy altar of Qazlal.
  2191 | D:4      | Found a staircase to the Ecumenical Temple.
  2237 | Temple   | Entered the Ecumenical Temple
  2376 | D:4      | Noticed an ice beast
  2384 | D:4      | Killed an ice beast
  2562 | D:4      | Noticed baller8008's ghost (amateur DECj)
  2568 | D:4      | Found a transporter.
  2699 | D:4      | Identified the ring "Xestef Gearr" {rF+ Dex+3}
  2704 | D:4      | Found a transporter.
  2709 | D:4      | Reached skill level 4 in Fighting
  2740 | D:4      | Found an ancient bone altar of Kikubaaqudgha.
  2774 | D:4      | Gained mutation: Your touch may inflict irresistible damage
                  | on your foes. [demonic ancestry]
  2774 | D:4      | Reached XP level 7. HP: 49/55 MP: 7/7
  2960 | D:5      | Entered Level 5 of the Dungeon
  3100 | D:5      | Noticed Duvessa
  3101 | D:5      | Noticed Dowan
  3118 | D:5      | Killed Duvessa
  3124 | D:5      | Killed Dowan
  3334 | D:5      | Found an iron altar of Okawaru.
  3356 | D:5      | Reached skill level 5 in Fighting
  3356 | D:5      | Reached skill level 5 in Polearms
  3356 | D:5      | Reached skill level 5 in Dodging
  3356 | D:5      | Reached XP level 8. HP: 62/63 MP: 8/8
  4030 | D:6      | Noticed a hornet
  4034 | D:6      | Killed a hornet
  4281 | D:6      | Noticed Eustachio
  4290 | D:6      | Killed Eustachio
  4291 | D:6      | Reached skill level 6 in Fighting
  4291 | D:6      | Reached skill level 5 in Armour
  4402 | D:6      | Found a snail-covered altar of Cheibriados.
  4486 | D:6      | Found a hazy altar of Hepliaklqana.
  4573 | D:6      | Became a worshipper of Hepliaklqana the Forgotten
  4689 | D:6      | Identified the ring of Uthu {rCorr Int+6}
  4741 | D:6      | Gained mutation: Spells you cast may paralyse adjacent
                  | enemies. [demonic ancestry]
  4741 | D:6      | Reached XP level 9. HP: 71/71 MP: 9/9
  4789 | D:6      | Noticed Maggie
  4796 | D:6      | Killed Maggie
  5414 | D:7      | Reached skill level 1 in Invocations
  5588 | D:7      | Reached skill level 7 in Fighting
  5641 | D:7      | Noticed Menkaure
  5651 | D:7      | Killed Menkaure
  5738 | D:7      | Noticed Joseph
  5742 | D:7      | Killed Joseph
  5743 | D:7      | Gained mutation: You are mostly covered in rugged brown
                  | scales. (AC +2, +5% HP) [demonic ancestry]
  5743 | D:7      | Reached XP level 10. HP: 68/82 MP: 11/13
  6025 | D:7      | Found a runed translucent door.
  6026 | D:7      | Noticed Crazy Yiuf
  6072 | D:7      | Reached * piety under Hepliaklqana
  6520 | D:7      | Killed Crazy Yiuf
  6604 | D:8      | Reached skill level 5 in Invocations
  6647 | D:8      | Reached skill level 8 in Fighting
  6787 | D:8      | Noticed Amaemon
  6787 | D:8      | Noticed an orange demon
  6795 | D:8      | Succumbed to orange demon's concentrated venom

Illustrated notes

Levels and vault maps discovered:
D:1:      ebering_trefoil_3fold, layout_basic,
          hellmonk_ecumenical_altar_arch_garden
D:2:      minmay_door_path, layout_loops_ring
D:3:      layout_basic, amcnicky_altar_gilded, uniq_grinder
D:4:      layout_gridville, mainiacjoe_overflow_concentric_impassable,
          mainiacjoe_overflow_cross_hatched, minmay_temple_entry_poolview,
          gammafunk_ghost_stat_death
D:5:      layout_basic, jmf_multi_god_temple, uniq_duvessa
D:6:      minmay_razor_zed, layout_basic, slow_altar_1, kennysheep_mini,
          uniq_eustachio, uniq_maggie
D:7:      layout_basic, minmay_misc_feat_encased, chequers_serial_rivers_room_a,
          minmay_quadrilaterals, uniq_joseph, uniq_crazy_yiuf_cottage,
          uniq_menkaure
D:8:      layout_basic, serial_aquarium, aquarium_bridge_straight
          [aquarium_subvault_bridge, aquarium_subvault_window,
          aquarium_subvault_bridge, aquarium_subvault_wall],
          aquarium_window_fake, aquarium_window_1, aquarium_view_2c,
          uniq_amaemon
Temple:   eino_wide_crystal_templ

Skill      XL: |  1  2  3  4  5  6  7  8  9 10 |
---------------+-------------------------------+-----
Polearms       | 3 4 5 6 7 |  7.6
Dodging        | 3 4 5 6 7 |  7.6
Armour         | 1 2 3 4 5 |  5.6
Fighting       | 3 4 5 6 7 8 |  8.0
Invocations    | 4 5 |  5.6
Throwing       | |  1.7

Action                     |  1- 3 |  4- 6 |  7- 9 | 10-12 || total
---------------------------+-------+-------+-------+-------++-------
  Melee: Trident           |   123 |    89 |   265 |    85 ||   562
         Punch             |     1 |     1 |     1 |       ||     3
         Touch             |       |    15 |    54 |    12 ||    81
  Throw: Throwing net      |     1 |       |     2 |     1 ||     4
 Invoke: Recall Ancestor   |       |       |       |     1 ||     1
    Use: Scroll            |     4 |     5 |     8 |     2 ||    19
         Potion            |     1 |       |     2 |     2 ||     5
   Stab: Sleeping          |     6 |       |     2 |       ||     8
         Held in net/web   |       |       |     1 |       ||     1
         Distracted        |       |       |     2 |       ||     2
 Armour: Leather armour    |    22 |    25 |    50 |       ||    97
         Skin              |     5 |       |       |       ||     5
         Steam dragon scal |       |       |    34 |    16 ||    50
  Dodge: Dodged            |    62 |    42 |   193 |    47 ||   344

Table legend: (Time is in decaauts)
 A = Elapsed time spent in this place.
 B = Non-inter-level travel time spent in this place.
 C = Inter-level travel time spent in this place.
 D = Time resting spent in this place.
 E = Time spent auto-exploring this place.
 F = Levels seen in this place.
 G = Mean time per level.
                   A        B        C        D        E       F      G
               +--------+--------+--------+--------+--------+-----+--------+
         Total |   6818 |   6589 |    229 |    281 |   5081 |   9 |  757.6 |
       Dungeon |   6743 |   6515 |    228 |    281 |   5041 |   8 |  842.9 |
        Temple |     74 |     74 |      0 |      0 |     40 |   1 |   74.0 |
               +--------+--------+--------+--------+--------+-----+--------+

Top non-repeatable levels by time:
     D:6: 1387 daAuts
     D:7: 1142 daAuts
     D:5: 1066 daAuts
     D:3: 921 daAuts
     D:2: 759 daAuts
     D:4: 738 daAuts
     D:1: 493 daAuts
     D:8: 235 daAuts
  Temple: 74 daAuts
